 Dungeon Crawl Stone Soup version 0.31-a0-968-g24f9ace8b5 (webtiles) character file.

Game seed: 16442375278484006126

65 croobank the Sneak (level 3, -8/33 HPs)
             Began as a Draconian Delver on Oct 27, 2023.
             Mangled by a mummy (12 damage)
             ... in an ossuary.
             The game lasted 00:02:30 (109 turns).

croobank the Sneak (Draconian Delver)                Turns: 109, Time: 00:02:31

Health: -8/33      AC:  5    Str: 14    XL:     3   Next: 92%
Magic:  3/3        EV: 12    Int: 12    God:
Gold:   28         SH:  0    Dex: 12    Spells: 2/2 levels left

rFire   . . .        a - +0 short sword
rCold   . . .        (no shield)
rNeg    . . .        (body armour unavailable)
rPois   .            (helmet restricted)
rElec   .            (no cloak)
rCorr   .            (no gloves)
SInv    .            (no boots)
Will    .....        (no amulet)
Stlth   +++          (no ring)
HPRegen 0.25/turn    (no ring)
MPRegen 0.08/turn

%: no passive effects
@: no status effects
A: AC +5, unfitting armour, cold-blooded
a: no special abilities


You were in an ossuary.
You visited 1 branch of the dungeon, and saw 2 of its levels.
You also visited: Ossuary.

You collected 28 gold pieces.

Inventory:

Hand Weapons
 a - a +0 short sword (weapon)
Jewellery
 c - a ring of ice
Wands
 f - a wand of digging (3)
Scrolls
 b - a scroll of fog


   Skills:
 + Level 3.9 Fighting
 + Level 2.7 Short Blades
 + Level 2.4 Dodging
 + Level 4.9 Stealth


You had 2 spell levels left.
You didn't know any spells.
Your spell library was empty.

Dungeon Overview and Level Annotations

Branches:
Dungeon (6/15)            Ossuary (1/1)
 Temple: D:4-7

Altars:


Innate Abilities, Weirdness & Mutations

Your plain brown scales are hard. (AC +5)
You cannot fit into any form of body armour.
You are cold-blooded and may be slowed by cold attacks.


Message History

There is an open door here.
The mummy hits you but does no damage.
You hit the mummy but do no damage.
The mummy is moderately damaged.
The mummy hits you.
You hit the mummy but do no damage.
The mummy is moderately damaged.
The mummy hits you!
You hit the mummy.
The mummy is heavily damaged.
The mummy closely misses you.
You hit the mummy but do no damage.
The mummy is heavily damaged.
The mummy hits you.
* * * LOW HITPOINT WARNING * * *
You aren't carrying any potions.
You are too injured to fight recklessly!
You are too injured to fight recklessly!
You are too injured to fight recklessly!
You are too injured to fight recklessly!
You are too injured to fight recklessly!
You are too injured to fight recklessly!
You closely miss the mummy.
The mummy is heavily damaged.
The mummy hits you.
* * * LOW HITPOINT WARNING * * *
You hit the mummy.
Your tail-slap misses the mummy.
The mummy is heavily damaged.
The mummy hits you.
* * * LOW HITPOINT WARNING * * *
You hit the mummy but do no damage.
The mummy is heavily damaged.
The mummy barely misses you.
A mummy comes into view.
You hit the mummy.
The mummy is severely damaged.
The mummy misses you. The mummy attacks as it pursues you!
The mummy barely misses you. The mummy hits you!
You die...

##### #..∩#
#.@.# #MM.#
##M##
+..ZM....M.~
#+#Z#'#+#'#'
#. .# ## ##


You could see 4 mummies, a bullfrog zombie and a howler monkey zombie.

Vanquished Creatures
  A howler monkey (D:5)
  A hound (D:6)
2 creatures vanquished.

Notes
Turn   | Place    | Note
-------+----------+-------------------------------------------
     0 | D:5      | croobank the Draconian Delver began the quest for the Orb.
     0 | D:5      | Reached XP level 1. HP: 19/19 MP: 1/1
     0 | D:5      | Noticed a howler monkey
     3 | D:5      | Killed a howler monkey
     4 | D:5      | Reached XP level 2. HP: 27/27 MP: 2/2
     4 | D:5      | Reached XP level 3. HP: 33/33 MP: 3/3
    11 | D:5      | Noticed an ogre
    11 | D:5      | Noticed a black bear
    70 | D:6      | Found a sand-covered staircase.
    84 | Ossuary  | Entered an ossuary
   109 | Ossuary  | Mangled by a mummy

Illustrated notes

Levels and vault maps discovered:
D:5:      layout_rooms, ashenzari_altar_1, minmay_temple_entry_sparse_star,
          serial_shops, shop, nzn_random_ring, uniq_crazy_yiuf_cottage
D:6:      layout_gridville, mainiacjoe_ossuary_entry_find_the_door
Ossuary:  ossuary_zaba_flooded

Skill      XL: |  1 |
---------------+----+-----
Dodging        | 2 |  2.4
Fighting       | |  3.9
Short Blades   | |  2.7
Stealth        | |  4.9

Action                     || total
---------------------------++-------
  Melee: Short sword       ||    30
         Tailslap          ||     3
    Use: Scroll            ||     3
         Potion            ||     1
   Stab: Sleeping          ||     1
         Distracted        ||     1
 Armour: Skin              ||    27
  Dodge: Dodged            ||    30

Table legend: (Time is in decaauts)
 A = Elapsed time spent in this place.
 B = Non-inter-level travel time spent in this place.
 C = Inter-level travel time spent in this place.
 D = Time resting spent in this place.
 E = Time spent auto-exploring this place.
 F = Levels seen in this place.
 G = Mean time per level.
                   A        B        C        D        E       F      G
               +--------+--------+--------+--------+--------+-----+--------+
         Total |     85 |     85 |      0 |     15 |      0 |   3 |   28.3 |
       Dungeon |     65 |     65 |      0 |      8 |      0 |   2 |   32.5 |
       Ossuary |     19 |     19 |      0 |      7 |      0 |   1 |   19.0 |
               +--------+--------+--------+--------+--------+-----+--------+

Top non-repeatable levels by time:
     D:6: 51 daAuts
 Ossuary: 19 daAuts
     D:5: 13 daAuts
